 Dungeon Crawl Stone Soup version 0.30-b1-2-g02819fbbbe (webtiles) character file.

Game seed: 9637391771912111168

35 Alarkh the Insei (level 3, 27/27 HPs)
             Began as a Demonspawn Warper on May 27, 2023.
             Got out of the dungeon alive.
             The game lasted 00:00:59 (958 turns).

Alarkh the Insei (Demonspawn Warper)                 Turns: 958, Time: 00:01:00

Health: 27/27      AC:  9    Str: 11    XL:     3   Next: 17%
Magic:  6/6        EV: 11    Int: 16    God:
Gold:   47         SH:  0    Dex: 12    Spells: 6/6 levels left

rFire   . .          .
                       - Unarmed
rCold   . . .        (no shield)
rNeg    . . .        a - +0 leather armour
rPois   +            e - +2 helmet
rElec   .            (no cloak)
rCorr   .            m - +0 pair of gloves
SInv    .            (no boots)
Will    .....        d - amulet of regeneration
Stlth   +            j - ring of poison resistance
HPRegen 1.04/turn    (no ring)
MPRegen 0.10/turn

%: no passive effects
@: no status effects
A: thin metallic scales 1, ignite blood 1
a: no special abilities


You escaped.
You visited 1 branch of the dungeon, and saw 2 of its levels.

You collected 47 gold pieces.

Inventory:

Missiles
 c - 7 boomerangs of dispersal (quivered)
Armour
 a - a +0 leather armour (worn)
 e - a +2 helmet (worn)
 m - a +0 pair of gloves (worn)
Jewellery
 d - an amulet of regeneration (around neck)
 j - a ring of poison resistance (left hand)
Scrolls
 b - a scroll of blinking
 g - a scroll of fear {unknown}
 h - a scroll of teleportation {unknown}
 i - a scroll of noise {unknown}
 l - 2 scrolls of vulnerability {unknown}
 n - a scroll of enchant armour {unknown}
Potions
 f - 2 potions of haste {unknown}
 k - 2 potions of heal wounds {unknown}


   Skills:
 - Level 2.0 Fighting
 - Level 0.8 Throwing
 - Level 0.8 Armour
 - Level 1.7 Dodging
 + Level 3.3 Unarmed Combat
 - Level 2.0 Spellcasting
 - Level 2.6 Translocations


You had 6 spell levels left.
You didn't know any spells.
Your spell library contained the following spells:

 Spells                   Type           Power      Damage    Failure   Level
 Blink                    Tloc           20%        N/A       14%         2
 Lesser Beckoning         Tloc           20%        N/A       14%         2
 Teleport Other           Tloc           10%        N/A       26%         3
 Vhi's Electric Charge    Tloc/Air       10%        N/A       43%         3
 Manifold Assault         Tloc           10%        N/A       65%         4


Dungeon Overview and Level Annotations

Branches:
Dungeon (2/15)

Altars:


Innate Abilities, Weirdness & Mutations

You are partially covered in thin metallic scales. (AC +2)
Your demonic aura sometimes causes spilled blood to erupt in flames.


Message History

The adder is heavily wounded.
The adder barely misses you. The adder bites you.
You hit the adder.
The adder is almost dead.
The adder bites you but does no damage.
You barely miss the adder.
The adder is almost dead.
The adder bites you.
You hit the adder.
You kill the adder!
You have reached level 3!
Your experience leads to an increase in your attributes!
Increase (S)trength, (I)ntelligence, or (D)exterity?
You feel clever. x2; Your demonic ancestry asserts itself...
Thin metallic scales grow over part of your body.
HP restored.
You now have 47 gold pieces (gained 11).
A rat comes into view.
A rat is nearby!
You barely miss the rat. The rat bites you but does no damage.
You hit the rat.
You kill the rat!
No target in view!
No target in view!
No target in view!
No target in view!
No target in view!
No target in view!
(D) Dungeon
Where to? (Enter - D:2, ? - help)
There is a stone staircase leading up here.
You climb upwards.
There is a stone staircase leading down here.
Unknown command.
You see here a +0 dagger.
You see here a +0 dagger.
There is a large open door here.
There is a staircase leading out of the dungeon here.
Are you sure you want to leave the Dungeon?
This will make you lose the game!
You have escaped!

#.##.#
##############.......##
#.##.#### ###§≈≈≈≈≈
########.#
#.......###≈§§≈≈≈≈≈
####..
...#.#####≈§§§≈#≈§≈
#....#
...#.#####≈≈§≈§§§§
##.##.#
####.)..#§≈#≈≈≈§§
####.#.#.#
###.##≈≈≈§§####
#...###...
#..'.......>#
#......#.#
#######.'.......@#
#.....##.# ....#
###≈≈≈≈≈#### #.....[..#
###.# #≈≈#≈≈§≈≈≈
#.....#### #.#
##≈≈§§§≈§≈§ #....†# #.#
#≈≈≈§§#§≈≈≈ ###.#.# #[#
##≈§§≈≈≈≈≈≈ ###.#.# #.#
###≈≈§§≈≈# #...#.# #.#
### ######## #.....#
#.####.# #######


There were no monsters in sight!

Vanquished Creatures
  An adder (D:2)
  2 dart slugs (D:1)
  A ball python (D:1)
  2 endoplasms (D:1)
  2 giant cockroaches
  A goblin (D:1)
  3 hobgoblins (D:1)
  A quokka (D:1)
  2 frilled lizards
  3 kobolds (D:1)
  3 rats
21 creatures vanquished.

Notes
Turn   | Place    | Note
-------+----------+-------------------------------------------
     0 | D:1      | Alarkh the Demonspawn Warper began the quest for the Orb.
     0 | D:1      | Reached XP level 1. HP: 16/16 MP: 3/3
    51 | D:1      | Reached skill level 2 in Unarmed Combat
   147 | D:1      | Gained mutation: Your demonic aura sometimes causes spilled
                  | blood to erupt in flames. [demonic ancestry]
   147 | D:1      | Reached XP level 2. HP: 22/22 MP: 5/5
   256 | D:1      | Reached skill level 3 in Unarmed Combat
   842 | D:2      | Gained mutation: You are partially covered in thin metallic
                  | scales. (AC +2) [demonic ancestry]
   842 | D:2      | Reached XP level 3. HP: 25/27 MP: 6/6
   958 | D:$      | Got out of the dungeon alive.

Illustrated notes

Levels and vault maps discovered:
D:1:      lightli_molten_gateway, layout_loops_ring, minmay_bisected
D:2:      layout_basic

Skill      XL: |  1  2 |
---------------+-------+-----
Unarmed Combat | 2 3 |  3.3
Fighting       | |  2.0
Throwing       | |  0.8
Armour         | |  0.8
Dodging        | |  1.7
Spellcasting   | |  2.0
Translocations | |  2.6

Action                     || total
---------------------------++-------
  Melee: Unarmed           ||   112
         Punch             ||     2
   Stab: Sleeping          ||     1
 Armour: Leather armour    ||    20
  Dodge: Dodged            ||    60
